 Dungeon Crawl Stone Soup version 0.31.0-32-g396128a36d (webtiles) character file.

Game seed: 3776915670890917796

186 Heoruswealwe the Conjurer (level 5, -5/28 HPs)
             Began as a Deep Elf Conjurer on Mar 14, 2024.
             Shot with an arrow by a centaur (12 damage)
             ... on level 5 of the Dungeon.
             The game lasted 00:18:24 (2986 turns).

Heoruswealwe the Conjurer (Deep Elf Conjurer)       Turns: 2986, Time: 00:18:25

Health: -5/28      AC:  2    Str:  4    XL:     5   Next: 38%
Magic:  15/24      EV: 12    Int: 25    God:
Gold:   128        SH:  0    Dex: 13    Spells: 1/15 levels left

rFire   . . .        (no weapon)
rCold   . . .        (no shield)
rNeg    + . .        c - +0 robe
rPois   +            (no helmet)
rElec   .            (no cloak)
rCorr   .            (no gloves)
SInv    .            (no boots)
Will    .....        (no amulet)
Stlth   ++           k - ring of magical power
HPRegen 0.24/turn    j - ring "Ufrunlu" {rPois rN+}
MPRegen 0.19/turn

%: no passive effects
@: no status effects
A: no striking features
a: no special abilities


You were on level 5 of the Dungeon.
You visited 1 branch of the dungeon, and saw 5 of its levels.

You collected 128 gold pieces.

Inventory:

Armour
 c - a +0 robe (worn)
 i - a +0 robe
Magical Staves
 o - a staff of cold
Jewellery
 j - the ring "Ufrunlu" (right hand) {rPois rN+}
   (You found it on level 2 of the Dungeon)

   [ring of poison resistance]

   rPois:     It protects you from poison rN+: It protects you from negative
   energy.
 k - a ring of magical power (left hand)
Wands
 q - a wand of acid (12)
Scrolls
 d - a scroll of noise {unknown}
 e - 2 scrolls of blinking {unknown}
 f - 2 scrolls of amnesia {unknown}
 h - a scroll of fear {unknown}
 l - 2 scrolls of identify {unknown}
 m - a scroll of summoning {unknown}
Potions
 a - 2 potions of attraction {unknown}
 b - 2 potions of magic
 g - 2 potions of curing {unknown}
 n - 2 potions of lignification {unknown}
 p - a potion of mutation {unknown}


   Skills:
 - Level 2.4 Dodging
 - Level 2.4 Stealth
 + Level 5.8 Spellcasting
 + Level 6.0 Conjurations


You had one spell level left.
You knew the following spells:

 Your Spells              Type           Power      Damage    Failure   Level
a - Magic Dart            Conj           100%       1d8       1%          1
b - Searing Ray           Conj           74%        2d7       1%          2
c - Stone Arrow           Conj/Erth      44%        3d9       7%          3
d - Fulminant Prism       Conj/Alch      11%        3d8       22%         4
e - Iskenderun's Mystic   Conj/Tloc      22%        2d6       22%         4

Your spell library contained the following spells:

 Spells                   Type           Power      Damage    Failure   Level
 Animate Armour           Summ/Erth      14%        N/A       58%         4
 Lehudib's Crystal Spear  Conj/Erth      11%        10d4      100%        8


Dungeon Overview and Level Annotations

Branches:
Dungeon (6/15)
 Temple: D:4-7

Altars:

Shops:
D:3 =


Message History

The hound closely misses you.
An iguana comes into view.
The searing ray hits the hound!
You kill the hound!
The searing ray hits the bombardier beetle.
You kill the bombardier beetle!
The iguana hisses angrily.
You have reached level 5!
The magic dart hits the iguana.
The iguana is moderately wounded.
The magic dart hits the iguana!
The iguana is severely wounded.
The magic dart hits the iguana.
The iguana is almost dead.
The magic dart hits the iguana.
You kill the iguana!
Your Conjurations skill increases to level 6!
This spell is extremely dangerous to cast!
You start memorising the spell.
You continue memorising. x4
You finish memorising.
Spell assigned to 'e'.
A centaur comes into view. It is wielding a +0 dagger.
The centaur shouts!
You hear an angry hiss.
The centaur unwields a +0 dagger.
The centaur wields a +0 orcbow.
The centaur shoots an arrow.
The arrow hits you!
Things that are here:
an iguana corpse; a bombardier beetle corpse
Casting: Magic Dart (safe; 1% risk of failure)
Confirm with . or Enter, or press ? or * to list all spells.
Aiming: Searing Ray (safe; 1% risk of failure)
Press: ? - help, Shift-Dir - straight line, f - centaur
Aim: a centaur, wielding a +0 orcbow (88% to hit)
The searing ray hits the centaur!
The centaur is heavily wounded. (Press . to maintain the ray.)
The centaur shoots an arrow.
The arrow hits you!
* * * LOW HITPOINT WARNING * * *
The searing ray hits the centaur!
The centaur is almost dead.
The centaur shoots an arrow.
The arrow hits you!
You die...

##. #..
#.. #..##
#.>##
##..##
##..#
##.## #@.#
#†.#
#...c..#
.........#
##.####..#
.c #...
#....
#....
......


You could see a centaur.

Vanquished Creatures
  A hound (D:5)
  A bombardier beetle (D:5)
  An iguana (D:5)
  3 adders (D:2)
  3 dart slugs
  5 orcs (D:3)
  5 bats
  5 endoplasms (D:1)
  4 giant cockroaches
  5 hobgoblins
  6 jackals (D:2)
  6 kobolds
  A quokka (D:1)
  7 ball pythons
  A frilled lizard (D:1)
  A goblin (D:2)
  6 rats
61 creatures vanquished.

Notes
Turn   | Place    | Note
-------+----------+-------------------------------------------
     0 | D:1      | Heoruswealwe the Deep Elf Conjurer began the quest for the
                  | Orb.
     0 | D:1      | Reached XP level 1. HP: 10/10 MP: 6/6
   245 | D:1      | Reached XP level 2. HP: 15/15 MP: 2/8
   248 | D:1      | Learned a level 2 spell: Searing Ray
  1696 | D:1      | Reached skill level 5 in Conjurations
  1696 | D:1      | Reached XP level 3. HP: 17/19 MP: 7/10
  1974 | D:2      | Learned a level 3 spell: Stone Arrow
  2037 | D:2      | Identified the ring "Ufrunlu" {rPois rN+}
  2078 | D:2      | Found a faded altar of an unknown god.
  2082 | D:2      | Reached XP level 4. HP: 24/24 MP: 12/12
  2088 | D:2      | Learned a level 4 spell: Fulminant Prism
  2761 | D:3      | Found Seufeimp's One-of-a-Kind Rings.
  2773 | D:3      | Reached skill level 5 in Spellcasting
  2945 | D:3      | You fall into a shaft and drop 3 floors!
  2964 | D:5      | Entered Level 5 of the Dungeon
  2971 | D:5      | Reached XP level 5. HP: 25/28 MP: 15/15
  2975 | D:5      | Reached skill level 6 in Conjurations
  2980 | D:5      | Learned a level 4 spell: Iskenderun's Mystic Blast
  2981 | D:5      | Noticed a centaur
  2986 | D:5      | Shot with an arrow by a centaur

Illustrated notes

Levels and vault maps discovered:
D:1:      moated_graveyard_arrival, layout_basic
D:2:      layout_basic, nicolae_ecumenical_oubliette, nrook_uturn,
          minmay_3d_cube
D:3:      layout_basic, nicolae_shop_unique_rings, chequers_avenue
D:5:      layout_layer_cave, old_standard_altar, old_standard_altar,
          nemelex_diamond_rough_becter, mainiacjoe_overflow_brackets,
          temple_statues
D:6:      black_bear_nest_1, layout_loops_cross

Skill      XL: |  1  2  3  4  5 |
---------------+----------------+-----
Spellcasting   | 4 5 |  5.8
Conjurations   | 5 6 |  6.0
Dodging        | |  2.4
Stealth        | |  2.4

Action                     |  1- 3 |  4- 6 || total
---------------------------+-------+-------++-------
  Melee: Unarmed           |     3 |       ||     3
   Cast: Magic Dart        |    81 |    25 ||   106
         Searing Ray       |     1 |     4 ||     5
 Armour: Robe              |    11 |     6 ||    17
  Dodge: Dodged            |    13 |     6 ||    19
